 Dungeon Crawl Stone Soup version 0.31-a0-167-g1c394c0614 (webtiles) character file.

Game seed: 2704982701194840969

142 qw the Chopper (level 5, -1/32 HPs)
             Began as a Gargoyle Fighter on June 13, 2023.
             Blown up by Ijyb (14 damage)
             ... with a mindburst bolt
             ... on level 4 of the Dungeon.
             The game lasted 00:01:50 (2995 turns).

qw the Chopper (Gargoyle Fighter)                   Turns: 2995, Time: 00:01:51

Health: -1/32      AC: 11    Str: 22    XL:     5   Next: 25%
Magic:  5/5        EV:  9    Int:  8    God:
Gold:   193        SH:  4    Dex:  9    Spells: 4/4 levels left

rFire   . . .        Y - +1 war axe
rCold   . . .        c - +0 buckler
rNeg    + . .        b - +0 scale mail
rPois   inf          o - +1 hat
rElec   +            (no cloak)
rCorr   .            (no gloves)
SInv    .            (no boots)
Will    .....        (no amulet) Stlth
                     (no ring)
HPRegen 0.25/turn    (no ring)
MPRegen 0.09/turn

%: no passive effects
@: no status effects
A: sickness immunity, AC +4, negative energy resistance 1, electricity
resistance, torment resistance 1, petrification resistance
a: no special abilities


You were on level 4 of the Dungeon.
You visited 1 branch of the dungeon, and saw 4 of its levels.

You collected 193 gold pieces.


Innate Abilities, Weirdness & Mutations

You are immune to sickness and miasma.
Your stone body is resilient. (AC +4)
You are immune to poison.
You resist negative energy. (rN+)
You are resistant to electric shocks. (rElec)
You are resistant to unholy torment.
You are immune to petrification.


   Skills:
 - Level 3.2 Fighting
 + Level 4.8 Axes
 - Level 3.2 Armour
 - Level 3.2 Shields


You had 4 spell levels left.
You didn't know any spells.
Your spell library was empty.

Inventory:

Hand Weapons
 l - a +2 hammer of draining
 q - a +0 hammer
 Y - a +1 war axe (weapon)
Armour
 b - a +0 scale mail (worn)
 c - a +0 buckler (worn)
 e - a +0 pair of gloves
 h - a +0 chain mail
 o - a +1 hat (worn)
Scrolls
 a - 2 scrolls of identify
 i - a scroll of teleportation
Potions
 d - 2 potions of might
 f - a potion of heal wounds
 g - a potion of magic
 j - 2 potions of mutation
 k - a potion of lignification {unknown}
 s - 3 potions of curing

Dungeon Overview and Level Annotations

Branches:
Dungeon (4/15)
 Temple: D:4-7

Altars:
Ashenzari

Portals:
Abyss: D:3

Annotations:
D:2 1 runed translucent door, Crazy Yiuf
D:3 2 transporters
D:4 Ijyb


Message History

You miss the goblin. The goblin barely misses you.
You slash the goblin!
You kill the goblin!
Ijyb hits you but does no damage.
You hit Ijyb but do no damage. Ijyb hits you but does no damage.
You closely miss Ijyb. Ijyb hits you but does no damage.
You barely miss Ijyb. You hit the goblin.
You kill the goblin!
Ijyb barely misses you. The goblin hits you but does no damage.
Ijyb zaps a wand.
Your mind is blasted!
Ouch! That really hurt!
You hit Ijyb.
Ijyb is lightly wounded.
You hit the goblin. The goblin barely misses you. You block Ijyb's attack.
You hit the goblin but do no damage.
The goblin is moderately wounded.
You hit Ijyb. The goblin hits you but does no damage.
Ijyb hits you but does no damage.
You barely miss the goblin.
The goblin is moderately wounded.
You hit Ijyb. You block the goblin's attack. Ijyb hits you but does no damage.
You hit Ijyb but do no damage.
Ijyb is moderately wounded.
You barely miss the goblin. The goblin hits you but does no damage.
Ijyb zaps a wand.
You barely resist. The goblin hits you with a +0 dagger.
Ijyb hits you but does no damage.
You hit Ijyb.
Ijyb is heavily wounded.
You hit the goblin.
You kill the goblin!
Ijyb zaps a wand.
You barely resist. You slash Ijyb!
Ijyb is almost dead.
Ijyb zaps a wand.
Your mind is blasted!
You die...

.........# #...# ######.
##.......# #...# #......
#.#.....# #...# #.##### #
###.%## #...# #......
#.#.#######...#####.##...
#.###..........>......#.#.
### ##..................#.
.># #.................<%..
...#
#.####@##...#####.#..#.
..8 ..# #)g###### #......
8## #... #..8 ###.... ###
#.... #..#. #..$.. #....
#...... #.### #.?.....
#.### #........ #....
####.


You could see Ijyb.

Vanquished Creatures
  6 adders
  A worm (D:2)
  2 dart slugs
  3 ball pythons (D:1)
  6 bats
  5 endoplasms
  4 giant cockroaches
  12 goblins
  4 hobgoblins
  6 jackals
  15 kobolds
  2 quokkas
  3 frilled lizards
  6 rats
75 creatures vanquished.

Notes
Turn   | Place    | Note
-------+----------+-------------------------------------------
     0 | D:1      | qw the Gargoyle Fighter began the quest for the Orb.
     0 | D:1      | Reached XP level 1. HP: 14/14 MP: 1/1
     0 | D:1      | 0 ||| qw: Version: 0.2-a-29-gc1b59c4
     0 | D:1      | 0 ||| qw: Game counter: 4855
     0 | D:1      | 0 ||| qw: Always use a shield: true
     0 | D:1      | 0 ||| qw: God list: Okawaru
     0 | D:1      | 0 ||| qw: Allow faded altars: false
     0 | D:1      | 0 ||| qw: Do Orc after D:15 true
     0 | D:1      | 0 ||| qw: Do second Lair branch before Depths: true
     0 | D:1      | 0 ||| qw: Lair rune preference: random
     0 | D:1      | 0 ||| qw: Plans: Normal, Zot:1-4, Slime:5, God:TSO, Crypt,
                  | Tomb, Abyss, Pan, Hells, Win
     0 | D:1      | 0 ||| PLANNING D:1-11
    48 | D:1      | Reached skill level 2 in Axes
   155 | D:1      | Reached XP level 2. HP: 15/19 MP: 2/2
   325 | D:1      | Reached skill level 3 in Axes
   391 | D:1      | Reached XP level 3. HP: 23/23 MP: 3/3
   542 | D:1      | 542 ||| DROPPING +0 club.
   579 | D:1      | 579 ||| Stepping ~*~*~tactically~*~*~ (hiding).
   653 | D:1      | 653 ||| READING 4 scrolls labelled CISMEEPPOU.
   654 | D:1      | 654 ||| READING scroll labelled MYDWUAHECRUS.
   659 | D:1      | 659 ||| READING scroll labelled GATARU XABBA.
   673 | D:1      | 673 ||| READING 3 scrolls of identify.
   673 | D:1      | 673 ||| IDENTIFYING smoky yellow potion
   674 | D:1      | 674 ||| READING 2 scrolls of identify.
   674 | D:1      | 674 ||| IDENTIFYING lumpy purple potion
   704 | D:2      | 704 ||| Stepping ~*~*~tactically~*~*~ (hiding).
   705 | D:2      | 705 ||| Stepping ~*~*~tactically~*~*~ (hiding).
   707 | D:2      | 707 ||| Stepping ~*~*~tactically~*~*~ (hiding).
   776 | D:2      | 776 ||| Stepping ~*~*~tactically~*~*~ (stealth).
   816 | D:2      | Found a faded altar of an unknown god.
   890 | D:2      | 890 ||| Stepping ~*~*~tactically~*~*~ (hiding).
  1054 | D:2      | Reached XP level 4. HP: 28/28 MP: 4/4
  1094 | D:2      | 1094 ||| Stepping ~*~*~tactically~*~*~ (stealth).
  1116 | D:2      | 1116 ||| DROPPING +0 whip.
  1119 | D:2      | Found a runed translucent door.
  1120 | D:2      | Noticed Crazy Yiuf
  1257 | D:2      | 1257 ||| Stepping ~*~*~tactically~*~*~ (stealth).
  1258 | D:2      | 1258 ||| Stepping ~*~*~tactically~*~*~ (stealth).
  1264 | D:2      | Reached skill level 4 in Axes
  1293 | D:2      | 1293 ||| Stepping ~*~*~tactically~*~*~ (hiding).
  1684 | D:2      | 1684 ||| UPGRADING to +1 hat.
  1689 | D:2      | 1689 ||| READING scroll labelled ZIAPUU QETI.
  1690 | D:2      | 1690 ||| READING scroll labelled WIKHAU BUQE.
  1691 | D:2      | 1691 ||| READING scroll labelled BEUMEL HUM.
  1692 | D:2      | 1692 ||| READING scroll labelled NAWEMA YTHROODGH.
  1693 | D:2      | 1693 ||| READING scroll labelled WADUILEBLI.
  1694 | D:2      | 1694 ||| DRINKING 2 inky potions.
  1701 | D:2      | 1701 ||| READING 3 scrolls of identify.
  1701 | D:2      | 1701 ||| IDENTIFYING cyan potion
  1702 | D:2      | 1702 ||| READING 2 scrolls of identify.
  1702 | D:2      | 1702 ||| IDENTIFYING brown potion
  1703 | D:2      | 1703 ||| DROPPING potion of ambrosia.
  1704 | D:2      | 1704 ||| DROPPING potion of enlightenment.
  1705 | D:2      | 1705 ||| DROPPING potion of berserk rage.
  1734 | D:3      | 1734 ||| STAIRDANCE
  1846 | D:3      | Found a transporter.
  1890 | D:3      | Noticed a toenail golem
  1901 | D:3      | 1901 ||| Stepping ~*~*~tactically~*~*~ (stealth).
  2169 | D:3      | Reached XP level 5. HP: 32/32 MP: 5/5
  2285 | D:3      | Found a transporter.
  2316 | D:3      | Noticed a small abomination
  2353 | D:3      | Found a one-way gate to the infinite horrors of the Abyss.
  2557 | D:3      | Found a broken altar of Ashenzari.
  2624 | D:3      | 2624 ||| READING scroll labelled KAHOTR LUF MUN.
  2625 | D:3      | 2625 ||| READING scroll labelled GOZUMP HATZEST.
  2626 | D:3      | 2626 ||| READING scroll labelled CIATHA LOEPREQ.
  2627 | D:3      | 2627 ||| DRINKING 2 green potions.
  2628 | D:3      | 2628 ||| DRINKING 2 sedimented puce potions.
  2629 | D:3      | 2629 ||| READING 3 scrolls of identify.
  2629 | D:3      | 2629 ||| IDENTIFYING blue potion
  2630 | D:3      | 2630 ||| DROPPING potion of degeneration.
  2947 | D:4      | 2947 ||| Stepping ~*~*~tactically~*~*~ (hiding).
  2982 | D:4      | Noticed Ijyb
  2995 | D:4      | Blown up by Ijyb

Levels and vault maps discovered:
D:1:      amcnicky_arrival_gap_in_the_tavern_cellar, layout_basic
D:2:      layout_loops_ring, ebering_ecumenical_altar_hall,
          uniq_crazy_yiuf_cottage
D:3:      layout_basic, lemuel_round_altar, gammafunk_ghost_abyssal_escape
D:4:      kennysheep_the_goblin_king, layout_loops_cross,
          nicolae_overflow_hidden_temple, uniq_grinder

Skill      XL: |  1  2  3  4 |
---------------+-------------+-----
Axes           | 2 3 4 |  4.8
Fighting       | |  3.2
Armour         | |  3.2
Shields        | |  3.2

Action                     |  1- 3 |  4- 6 || total
---------------------------+-------+-------++-------
  Melee: War axe           |   120 |   138 ||   258
    Use: Scroll            |     5 |    11 ||    16
         Potion            |       |     3 ||     3
 Armour: Scale mail        |    93 |    73 ||   166
  Dodge: Dodged            |    54 |    54 ||   108
  Block: Buckler           |    22 |    29 ||    51

Table legend:
 A = Non-vault XP
 B = Vault XP
 C = Vault XP percentage of total XP
 D = Non-vault monster count
 E = Vault monster count
 F = Vault count percentage of total count
                 A         B        C        D         E       F
            +---------+---------+-------+---------+---------+-------
      Total |     194 |      10 |   4.9 |      69 |       6 |   8.0
            +---------+---------+-------+---------+---------+-------
        D:1 |      41 |       0 |   0.0 |      24 |       0 |   0.0
        D:2 |      65 |       0 |   0.0 |      24 |       0 |   0.0
        D:3 |      66 |       0 |   0.0 |      16 |       0 |   0.0
        D:4 |      22 |      10 |  31.2 |       5 |       6 |  54.5
            +---------+---------+-------+---------+---------+-------
